 Dungeon Crawl Stone Soup version 0.29.1-15-g9cfb28693d (webtiles) character file.

Game seed: 3810826177074179290

124 BlackCrag the Magician (level 4, -1/23 (24) HPs)
             Began as a Deep Elf Earth Elementalist on Mar 9, 2023.
             Slain by Crazy Yiuf
             ... wielding a +3 quarterstaff of chaos
              (2 damage)
             ... on level 2 of the Dungeon.
             The game lasted 00:09:09 (2118 turns).

BlackCrag the Magician (DEEE)                       Turns: 2118, Time: 00:09:09

HP:   -1/23 (24)    AC:  3    Str:  5    XL:     4   Next: 81%
MP:   4/13          EV: 18    Int: 26    God:
Gold: 56            SH:  0    Dex: 19    Spells: 4/14 levels left

rFire   . . .      SeeInvis +   p - +7 hammer of Iconoclasm {speed, *Noise Int+4 Dex+4 SInv}
rCold   . . .      Faith    .   (no shield)
rNeg    . . .      Spirit   .   a - +0 robe
rPois   .          Reflect  .   (no helmet)
rElec   .          Harm     .   h - +0 cloak
rCorr   .          Rampage  .   (no gloves)
Will    .....                   (no boots)
Stlth   ++........              (no amulet)
HPRegen 0.07/turn               (no ring)
MPRegen 0.13/turn               (no ring)

@: agile, very slightly contaminated, lightly drained
A: no striking features
a: no special abilities


You were on level 2 of the Dungeon.
You visited 1 branch of the dungeon, and saw 2 of its levels.

You collected 56 gold pieces.

Inventory:

Hand Weapons
 p - the +7 hammer of Iconoclasm (weapon) {speed, *Noise Int+4 Dex+4 SInv}
   (You found it on level 2 of the Dungeon)

   Attacks with this weapon are significantly faster.
   Int:       It affects your intelligence (+4).
   Dex:       It affects your dexterity (+4).
   SInv:      It lets you see invisible.
   *Noise:    It may make noises in combat.
Armour
 a - a +0 robe (worn)
 h - a +0 cloak (worn)
Magical Staves
 e - a staff of poison
Scrolls
 c - 3 scrolls of teleportation {unknown}
 d - 3 scrolls of enchant armour {unknown}
 f - a scroll of vulnerability {unknown}
 g - a scroll of acquirement {unknown}
 i - 2 scrolls of identify {unknown}
 k - a scroll of immolation {unknown}
 n - a scroll of noise {unknown}
 o - a scroll of torment {unknown}
Potions
 b - a potion of magic
 j - a potion of degeneration {unknown}
 l - a potion of curing {unknown}
 m - a potion of brilliance {unknown}


   Skills:
 + Level 2.4 Dodging
 + Level 2.8 Stealth
 * Level 5.6 Spellcasting
 * Level 0.3 Conjurations
 + Level 1.1 Transmutations
 * Level 4.4 Earth Magic


You had 4 spell levels left.
You knew the following spells:

 Your Spells              Type           Power      Damage    Failure   Level
a - Sandblast             Erth           60%        2d14      1%          1
b - Passwall              Tmut/Erth      17%        N/A       3%          2
c - Stone Arrow           Conj/Erth      38%        3d9       9%          3
d - Petrify               Tmut/Erth      21%        N/A       22%         4

Your spell library contained the following spells:

 Spells                   Type           Power      Damage    Failure   Level


Dungeon Overview and Level Annotations

Branches:
Dungeon (2/15)

Altars:

Annotations:
D:2 Crazy Yiuf


Message History

Found a hammer.
Crazy Yiuf shouts!
You see here a +0 hammer.
You see here a +0 hammer.
Found a glowing hammer and two hammers.
Crazy Yiuf says, "Iron ena high!"
You see here a +0 hammer.
You open the door.
Casting: Stone Arrow (quite dangerous; 9% risk of failure)
Confirm with . or Enter, or press ? or * to list all spells.
The spell is quite dangerous to miscast (9% risk of failure)!
Continue anyway?
Aiming: Stone Arrow (quite dangerous; 9% risk of failure)
Press: ? - help, Shift-Dir - straight line, f - Crazy Yiuf
Aim: Crazy Yiuf, wielding a +3 quarterstaff of chaos and wearing a +0 cloak (72% to hit)
You miscast Stone Arrow.
You are very lightly contaminated with residual magic.
Nothing appears to happen.
Crazy Yiuf says, "Crazy?
Crazy!?
PORCUPINE!"
Crazy Yiuf hits you with a +3 quarterstaff of chaos!
You feel drained.
Casting: Stone Arrow (quite dangerous; 9% risk of failure)
Confirm with . or Enter, or press ? or * to list all spells.
The spell is quite dangerous to miscast (9% risk of failure)!
Continue anyway?
Aiming: Stone Arrow (quite dangerous; 9% risk of failure)
Press: ? - help, Shift-Dir - straight line, f/p - Crazy Yiuf
Aim: Crazy Yiuf, wielding a +3 quarterstaff of chaos and wearing a +0 cloak (72% to hit)
The stone arrow misses Crazy Yiuf.
Crazy Yiuf hits you with a +3 quarterstaff of chaos.
You feel agile all of a sudden.
Casting: Stone Arrow (quite dangerous; 9% risk of failure)
Confirm with . or Enter, or press ? or * to list all spells.
The spell is quite dangerous to miscast (9% risk of failure)!
Continue anyway?
Aiming: Stone Arrow (quite dangerous; 9% risk of failure)
Press: ? - help, Shift-Dir - straight line, f/p - Crazy Yiuf
Aim: Crazy Yiuf, wielding a +3 quarterstaff of chaos and wearing a +0 cloak (72% to hit)
The stone arrow misses Crazy Yiuf.
Crazy Yiuf hits you with a +3 quarterstaff of chaos!
* * * LOW HITPOINT WARNING * * *
Crazy Yiuf freezes you.
You die...

#
#........####....#
# #.########
#....#
###.########
#...##
##.........#
##..)#
##.........# ##.##
#..........# ##)#
..#........# #)##
###........# ##)#
# #........# #@##
# #......### #g#
####.....# )))
#........# #)))#
..)......# #).)#
####.....# #####
........##
######### ......#


You could see Crazy Yiuf.

Vanquished Creatures
  Terence (D:2)
  4 gnolls (D:2)
  An adder (D:2)
  3 endoplasms (D:1)
  4 giant cockroaches
  4 goblins
  3 hobgoblins
  6 jackals (D:1)
  7 kobolds
  3 quokkas
  6 ball pythons
  5 bats
  3 frilled lizards (D:1)
  3 rats
53 creatures vanquished.

Notes
Turn   | Place    | Note
-------+----------+-------------------------------------------
     0 | D:1      | BlackCrag the Deep Elf Earth Elementalist began the quest
                  | for the Orb.
     0 | D:1      | Reached XP level 1. HP: 10/10 MP: 6/6
   167 | D:1      | Reached XP level 2. HP: 15/15 MP: 6/8
   170 | D:1      | Learned a level 2 spell: Passwall
   628 | D:1      | Reached XP level 3. HP: 19/19 MP: 7/10
   632 | D:1      | Learned a level 3 spell: Stone Arrow
  1053 | D:2      | Reached skill level 4 in Spellcasting
  1126 | D:2      | Reached XP level 4. HP: 5/24 MP: 3/12
  1447 | D:2      | Noticed Terence
  1452 | D:2      | Killed Terence
  1453 | D:2      | Reached skill level 5 in Spellcasting
  1931 | D:2      | Learned a level 4 spell: Petrify
  2108 | D:2      | Identified the +7 hammer of Iconoclasm {speed, *Noise Int+4
                  | Dex+4 SInv}
  2111 | D:2      | Found a runed translucent door.
  2112 | D:2      | Noticed Crazy Yiuf
  2118 | D:2      | HP: 1/23 [Crazy Yiuf/+3 quarterstaff of chaos (7)]
  2118 | D:2      | Slain by Crazy Yiuf

Illustrated notes

Levels and vault maps discovered:
D:1:      mrwooster_arrival_arrow, layout_basic
D:2:      layout_basic, shapermc_ecumenical_altar_mp_highgroup, uniq_terence,
          uniq_crazy_yiuf_cottage

Skill      XL: |  1  2  3  4 |
---------------+-------------+-----
Earth Magic    | 4 |  4.4
Spellcasting   | 4 5 |  5.6
Dodging        | |  2.4
Stealth        | |  2.8
Conjurations   | |  0.3
Transmutations | |  1.1

Action                   |  1- 3 |  4- 6 || total
-------------------------+-------+-------++-------
 Cast: Sandblast         |    53 |     6 ||    59
       Stone Arrow       |       |    13 ||    13
       Passwall          |       |     1 ||     1
Armor: Robe              |     4 |       ||     4
Dodge: Dodged            |     8 |     1 ||     9
